Unix NetHack Version 5.0.0-0 post-release - last build May 10 2026 23:12:36 (d1fa5d53e341ca933230fdaa984d921c805b60aa,branch:main).

Game began 2026-05-13 03:40:54, ended 2026-05-13 04:51:36.

Brudee, neutral female human Tourist

                                                                    ------
                                                                    .*...|
                                                               ---.---.|%---.|
                                                               |.......|....^|
                                                               |.-----------.|
                                                               |..   |.....|.|
                                       -----------             |.-   |.....-.|
                                       |......*..|             |..   |*..*.|.|
                                       |.........|.-----       |.-    ------.|
                                       |....<*...%.....|       |.|       |...|
                                       |.........|.|.--- -------*|       |.--|
                                       |.........| |.| |.....|...|       |..*|
                                       ----------- |%--|...--|.---       |--.|
                                                   |.%.|.*...|.|         |.*.|
                                                    --.|.*.|.|.|         -V---
                                                    ...|...|...|         ..|
                                                    ...|.-.----|         ---
                                                    .....%.....|
                                                    ------------
Brudee the Excursionist     St:15 Dx:13 Co:15 In:12 Wi:11 Ch:16  Neutral S:9284
Dlvl:10 $:107 HP:0(54) Pw:26(26) AC:-5 Xp:7/1279 T:4884  Satiated Burdened

Latest messages:
 You are still in a pit.
 You are still in a pit.
 You are still in a pit.
 You crawl to the edge of the pit.
 You hit the vampire bat!
 The vampire bat misses!
 The vampire bat bites!
 The vampire bat's bite was poisoned!
 You hit the vampire bat!
 The vampire bat bites!
 The vampire bat misses!
 The vampire bat misses!
 The vampire bat bites!
 The vampire bat misses!
 The vampire bat misses!
 You hit the vampire bat!
 The vampire bat bites!
 The vampire bat misses!
 You hit the vampire bat!
 The vampire bat misses!
 The vampire bat bites!
 The vampire bat's bite was poisoned!
 You hit the vampire bat.
 The vampire bat misses!
 The vampire bat misses!
 The vampire bat bites!
 The vampire bat misses!
 The vampire bat misses!
 The vampire bat misses!
 You hit the vampire bat!
 The vampire bat bites!
 The vampire bat bites again!
 The vampire bat bites!
 The vampire bat misses!
 The vampire bat turns into a vampire lord!
 You miss the vampire lord.
 The vampire lord misses!
 The vampire lord bites!
 You avoid harm.
 What do you want to zap? [dghjouzKOQZ or ?*] ?
 In what direction? k
 The wand hits the vampire lord!
 The vampire lord resists!
 The vampire lord hits!
 The vampire lord bites!
 Aloha level 8.
 You die...
 Do you want your possessions identified? [ynq] (y) y
 Do you want to see your attributes? [ynq] (y) y
 Do you want an account of creatures vanquished? [ynaq] (y) q

Inventory:
 Coins    ('$')
  $ - 107 gold pieces
 Weapons  (')')
  a - 4 +2 darts
 Armor    ('[')
  t - an uncursed corroded +0 dwarvish iron helm (being worn)
  r - a cursed -2 pair of leather gloves (being worn)
  X - a blessed +1 pair of iron shoes (being worn)
  Y - an uncursed +0 cloak of invisibility (being worn)
  s - a blessed +4 T-shirt with text "It's not the size of your sword, it's how #enhance'd you are with it." (being worn)
  N - an uncursed +0 plate mail (being worn)
 Comestibles  ('%')
  e - 5 uncursed slime molds
  b - 4 uncursed apples
  C - 2 uncursed cram rations
  c - 2 uncursed food rations
  V - a cursed food ration
  v - 4 cursed lembas wafers
  p - a cursed tripe ration
  f - an uncursed lizard corpse
 Scrolls  ('?')
  x - a blessed scroll of gold detection
  I - a blessed scroll of identify
  m - an uncursed scroll of magic mapping
  i - an uncursed scroll of remove curse
 Spellbooks  ('+')
  n - an uncursed spellbook of magic mapping
 Potions  ('!')
  G - a cursed potion of gain ability
  R - a potion of holy water
  W - an uncursed potion of water
 Rings    ('=')
  D - an uncursed ring of regeneration
  F - an uncursed ring of see invisible
  y - a cursed ring of shock resistance
  P - a cursed ring of sustain ability
 Wands    ('/')
  j - a wand of create monster (0:14)
  K - a wand of create monster (0:14)
  o - a wand of digging (0:6)
  O - a wand of light (0:12)
  d - a wand of lightning (0:5)
  h - a wand of magic missile (0:0)
  Q - a wand of magic missile (0:0)
  u - a wand of slow monster (0:6)
  z - a wand of speed monster (0:8)
  g - a wand of speed monster (0:4)
  Z - a wand of striking (0:3)
 Tools    ('(')
  l - an uncursed credit card
  k - an expensive camera (0:66)
  w - a magic marker (0:30)
  J - a +2 pick-axe (weapon in right hand)
 Gems/Stones  ('*')
  U - an uncursed luckstone

Brudee the Tourist's attributes:

Background:
 You were an Excursionist, a level 7 female human Tourist.
 You were neutral, on a mission for The Lady
 who was opposed by Blind Io (lawful) and Offler (chaotic).
 You were right-handed.
 You were in the Gnomish Mines, on level 10.
 You entered the dungeon 4884 turns ago.
 It was nighttime.
 You had 1279 experience points, 1 more was needed to attain level 8.
 Your score was 9284 before end-of-game adjustments.

Basics:
 You had 0 out of 54 hit points.
 You had all 26 energy points (spell power).
 Your armor class was -5.
 Your wallet contained 107 zorkmids.
 Autopickup was on for '!+?"/=$' plus thrown.

Final Characteristics:
 Your strength was 15 (limit:18/100).
 Your dexterity was 13 (limit:18).
 Your constitution was 15 (limit:18).
 Your intelligence was 12 (limit:18).
 Your wisdom was 11 (limit:18).
 Your charisma was 16 (limit:18).

Final Status:
 You were satiated.
 You were burdened; movement was slightly slowed.
 You were wielding a pick-axe.
 You had basic skill with pick-axe.

Final Attributes:
 You were piously aligned.
 You were cold resistant.
 You were telepathic.
 You were invisible.
 You were guarded.
 Your spell casting was impaired by metallic armor.
 You were fast.
 You were lucky.
 You had extra luck.
 Bad luck did not time out for you.
 Good luck did not time out for you.
 You are dead.

Miscellaneous:
 You encountered 1 bones level.
 Total elapsed playing time was 1 hour, 10 minutes and 42 seconds.

Major events:
 Turn
    1: Brudee the neutral female human Tourist entered the dungeon
  599: attained the rank of Sightseer (level 3)
 1223: entered the Gnomish Mines
 2132: attained the rank of Excursionist (level 6)
 2696: reached Mine Town
 4884: killed by a vampire lord

Spells:
 Name                 Level Category     Fail Retention
 create monster         2   clerical     100%  76%-100%

Skills:
 Fighting Skills
   bare handed combat [Unskilled]
   two weapon combat  [Unskilled]
   riding             [Unskilled]
 Weapon Skills
   dagger             [Unskilled]
   knife              [Unskilled]
   axe                [Unskilled]
   pick-axe           [Basic]
   short sword        [Unskilled]
   broadsword         [Unskilled]
   long sword         [Unskilled]
   two-handed sword   [Unskilled]
   saber              [Unskilled]
   mace               [Unskilled]
   morning star       [Unskilled]
   flail              [Unskilled]
   hammer             [Unskilled]
   quarterstaff       [Unskilled]
   polearms           [Unskilled]
   spear              [Unskilled]
   trident            [Unskilled]
   lance              [Unskilled]
   bow                [Unskilled]
   sling              [Unskilled]
   crossbow           [Unskilled]
   dart               [Skilled]
   shuriken           [Unskilled]
   boomerang          [Unskilled]
   whip               [Unskilled]
   unicorn horn       [Unskilled]
 Spellcasting Skills
   divination spells  [Unskilled]
   enchantment spells [Unskilled]
   escape spells      [Unskilled]

Voluntary challenges:
 Character rerolling was not enabled.
 You never genocided any monsters.
 You never polymorphed an object.
 You never changed form.
 You used no wishes.
Achievements:
 You attained the rank of Sightseer.
 You entered a shop.
 You entered the Gnomish Mines.
 You attained the rank of Excursionist.
 You entered Minetown.
 You entered a temple.

 The Dungeons of Doom: levels 1 to 6
    Level 1:
       A fountain.
    Level 2:
       A general store, a fountain.
       Stairs down to The Gnomish Mines.
    Level 3:
       A fountain.
    Level 4:
       A fountain.
    Level 5:
    Level 6:
 The Gnomish Mines: levels 3 to 10
    Level 3:
    Level 4:
    Level 5:
       A grave.
       Final resting place for
          h2g2-Ran-Elf-Fem-Cha, killed by a gnome.
    Level 6:
       Many shops, a temple and an altar to The Lady, a fountain.
    Level 7:
    Level 8:
    Level 9:
    Level 10: <- You were here.
       Final resting place for
          you, killed by a vampire lord.


Vanquished creatures:
  a vampire
  a ghost
  2 wargs
  a freezing sphere
 an elf mummy
  2 giant beetles
  a cockatrice
  a giant spider
  a gnome ruler
  a dwarf mummy
  4 brown puddings
  a yeti
  a lizard
  a dust vortex
  a human zombie
  a Woodland-elf
  a water nymph
  a rock piercer
  a rock mole
  a yellow light
 10 gnome leaders
  3 gnomish wizards
  2 kobold mummies
  a gray ooze
  a giant ant
  a little dog
  2 floating eyes
 11 dwarves
  2 hill orcs
  6 rothes
  a centipede
  a giant bat
 an iguana
  a killer bee
  8 acid blobs
  a hobbit
  a large kobold
  a hobgoblin
  a cave spider
  a green mold
 42 gnomes
  a gnome zombie
  3 geckos
  a kobold
  4 goblins
  2 sewer rats
  2 grid bugs
  a bat
  4 lichens
  a kobold zombie
  a newt
143 creatures vanquished.

No species were genocided or became extinct.

Game over:
                       ----------
                      /          \
                     /    REST    \
                    /      IN      \
                   /     PEACE      \
                  /                  \
                  |      Brudee      |
                  |      107 Au      |
                  |   killed by a    |
                  |   vampire lord   |
                  |                  |
                  |                  |
                  |       2026       |
                 *|     *  *  *      | *
        _________)/\\_//(\/(/\)/\//\/|_)_______

Aloha Brudee the Tourist...

You died in The Gnomish Mines on dungeon level 10 with 9284 points,
and 107 pieces of gold, after 4884 moves.
You were level 7 with a maximum of 54 hit points when you died.

